AoeStats
← gavinsenaratne

Arabia

509603789Analyzed
3v3 RM · 5d ago on Sep 27, 2026· 81m 35s· 6 players
Game mode
Random Map
Map size
Normal (6 player)
Population
200
Speed
Normal
Resources
Standard
Victory
Conquest
Starting age
Dark Age
Ending age
Imperial Age
RankedLock teamsTeams togetherTeam positionsShared explorationLock speedFull tech treeHidden civsTurbo modeCheats
Victory
Defeat
🇦🇺 Bohemians · Australia
942
+13
🇦🇺 Huns · Australia
899
+15
🇦🇺 Khmer · Australia
840
+17
🇱🇰 Persians · Sri Lanka
957
-18
🇱🇰 Vietnamese · Sri Lanka
932
-17
🇱🇰 Turks · Sri Lanka
737
-10
DonRa
6:09 Loom
10:15 Feudal Age
11:08 Double-Bit Axe
14:29 Scale Barding Armor
14:38 Forging
19:58 Horse Collar
24:04 Castle Age
23:47 Wheelbarrow
24:37 Scale Mail Armor
24:50 Pikeman
25:51 Chain Mail Armor
25:49 Heavy Plow
26:02 Bow Saw
26:17 Husbandry
26:28 Scale Barding Armor
27:13 Town Watch
27:50 Gold Mining
30:14 Bloodlines
32:38 Chain Barding Armor
45:41 Imperial Age
45:51 Halberdier
47:08 Plate Mail Armor
48:42 Hand Cart
51:14 Conscription
58:11 Plate Barding Armor
59:28 Fletching
60:25 Iron Casting
68:48 Two-Man Saw
76:15 Crop Rotation
75:44 Stone Mining
75:31 Light Cavalry
77:44 Thumb Ring
80:56 Elite Skirmisher
gavinsenaratne
5:12 Loom
11:17 Feudal Age
14:33 Double-Bit Axe
16:00 Town Watch
18:20 Gold Mining
23:52 Castle Age
22:39 Forging
22:30 Scale Mail Armor
22:41 Scale Barding Armor
22:40 Padded Archer Armor
27:28 Bloodlines
27:19 Husbandry
41:13 Imperial Age
43:01 Heavy Camel Rider
46:54 Bow Saw
50:11 Murder Holes
60:28 Ballistics
60:29 Bombard Tower
DinethH
8:18 Loom
11:36 Feudal Age
12:28 Double-Bit Axe
14:50 Fletching
23:25 Castle Age
21:37 Horse Collar
21:47 Gold Mining
22:40 Padded Archer Armor
23:29 Crossbowman
24:24 Thumb Ring
30:03 Stone Mining
30:04 Gold Mining
32:35 Town Watch
34:39 Bodkin Arrow
37:05 Pikeman
41:20 Imperial Age
39:27 Wheelbarrow
40:53 Hand Cart
40:39 Town Patrol
40:58 Leather Archer Armor
41:02 Heavy Plow
41:57 Forging
41:48 Scale Mail Armor
41:24 Arbalester
42:34 Ballistics
42:10 Murder Holes
41:56 Treadmill Crane
45:00 Bow Saw
45:04 Bracer
45:37 Ring Archer Armor
46:20 Paper Money
46:04 Chatras
48:39 Chemistry
47:51 Masonry
47:17 Light Cavalry
50:21 Siege Engineers
51:32 Hoardings
51:13 Halberdier
51:33 Onager
54:03 Chain Mail Armor
54:24 Iron Casting
59:24 Plate Mail Armor
60:52 Squires
62:08 Two-Man Saw
62:00 Herbal Medicine
62:31 Elite Skirmisher
Tormented Flexer
12:17 Feudal Age
13:50 Double-Bit Axe
16:28 Loom
25:43 Castle Age
26:34 Gold Mining
26:44 Horse Collar
31:05 Forging
31:53 Husbandry
35:38 Elite Skirmisher
37:53 Stone Mining
47:47 Tusk Swords
49:30 Gold Shaft Mining
52:34 Imperial Age
57:54 Cavalier
61:32 Conscription
63:13 Ballistics
67:08 Elite Ballista Elephant
69:54 Chemistry
73:54 Light Cavalry
75:14 Fortified Wall
77:21 Hussar
Bongrel
8:41 Loom
11:18 Feudal Age
12:45 Wheelbarrow
11:52 Horse Collar
12:00 Double-Bit Axe
14:34 Gold Mining
15:27 Forging
20:20 Bloodlines
23:01 Castle Age
21:33 Fletching
23:22 Scale Barding Armor
24:55 Husbandry
24:19 Elite Skirmisher
28:16 Iron Casting
30:37 Chain Barding Armor
31:10 Bodkin Arrow
31:23 Stone Mining
31:22 Pikeman
35:05 Hand Cart
36:00 Town Watch
36:46 Ballistics
36:34 Marauders
39:48 Scale Mail Armor
44:48 Imperial Age
42:56 Murder Holes
45:38 Bow Saw
45:32 Heavy Plow
47:23 Chemistry
48:13 Town Patrol
51:33 Two-Man Saw
51:55 Blast Furnace
51:08 Elite Tarkan
55:34 Plate Barding Armor
58:47 Gold Shaft Mining
60:56 Masonry
63:04 Bracer
63:19 Halberdier
77:48 Crossbowman
78:41 Caravan
BOGMAGE
6:44 Loom
9:15 Feudal Age
12:03 Town Watch
20:53 Wheelbarrow
20:51 Horse Collar
21:00 Double-Bit Axe
24:07 Castle Age
24:19 Light Cavalry
25:39 Hand Cart
24:46 Crossbowman
26:21 Scale Barding Armor
26:26 Forging
26:41 Bow Saw
30:02 Fletching
30:38 Padded Archer Armor
31:01 Chain Barding Armor
36:12 Scale Mail Armor
37:16 Wagenburg Tactics
38:41 Iron Casting
41:34 Imperial Age
41:36 Cavalier
45:21 Town Patrol
48:40 Chemistry
48:01 Ballistics
49:01 Conscription
49:38 Elite Hussite Wagon
53:58 Siege Engineers
59:13 Blast Furnace
57:52 Sappers
67:58 Pikeman
68:39 Squires
68:24 Arson
69:47 Halberdier
72:22 Murder Holes
74:17 Houfnice
78:15 Scale Mail Armor
78:11 Bodkin Arrow
78:32 Leather Archer Armor
80:00 Bombard Tower
Connection lost

Rejoining the realm…

Still unreachable

The connection could not be restored.

Session expired

The server has moved on; the page needs a fresh start.